| TOP OF THE 1ST |
|
Brooklyn Cyclones batting - Pitching for Batavia Muckdogs : LHP Will Sledge
|
|
Pitching: LHP Will Sledge
|
|
|
Batting: LHB Elmo Dreier
|
0-0: Called Strike 0-1: Called Strike 0-2: Ball 1-2: Foul Ball, location: 2F 1-2: Strikes out swinging
|
|
Batting: RHB Jack Nickleberry
|
0-0: Foul Ball, location: 2F 0-1: Ball 1-1: Foul Ball, location: 2F 1-2: Foul Ball, location: 2F 1-2: Ball 2-2: Strikes out swinging
|
|
Batting: RHB Jayden Copeland
|
0-0: Fly out, F7 (Flyball, 78M, EV 83.1 MPH)
|
| Top of the 1st over - 0 runs, 0 hits, 0 errors, 0 left on base; Brooklyn 0 - Batavia 0 |
| BOTTOM OF THE 1ST |
|
Batavia Muckdogs batting - Pitching for Brooklyn Cyclones : RHP Jonathan Colyer
|
|
Pitching: RHP Jonathan Colyer
|
|
|
Batting: SHB Justin Corbett
|
0-0: Ground out U3 (Groundball, 3, EV 82.5 MPH)
|
|
Batting: RHB Reomel Somera
|
0-0: SINGLE (Groundball, 25, EV 69.4 MPH) (infield hit)
|
|
Batting: LHB Danny Treto
|
0-0: Foul Ball, location: 2F 0-1: Fly out, F9 (Line Drive, 89M, EV 105.6 MPH)
|
|
Batting: RHB Andy Kelly
|
0-0: Ball 1-0: Ball Reomel Somera steals 2nd base 2-0: Ball 3-0: Called Strike 3-1: Fly out, F5 (Popup, 25F, EV 86.9 MPH)
|
| Bottom of the 1st over - 0 runs, 1 hit, 0 errors, 1 left on base; Brooklyn 0 - Batavia 0 |
| TOP OF THE 2ND |
|
Brooklyn Cyclones batting - Pitching for Batavia Muckdogs : LHP Will Sledge
|
|
Batting: RHB Victor Reyes
|
0-0: DOUBLE (Line Drive, 3D, EV 100.6 MPH)
|
|
Batting: RHB Frank Shaw
|
0-0: Called Strike 0-1: Ball Wild Pitch! Victor Reyes to third 1-1: Ball 2-1: Ball 3-1: Base on Balls
|
|
Batting: SHB Ryan Brown
|
0-0: Ball 1-0: Called Strike 1-1: Foul Ball, location: 2F 1-2: Ball 2-2: Foul Ball, location: 2F 2-2: Strikes out swinging
|
|
Batting: RHB Tom Primmer
|
0-0: Ball 1-0: Foul Ball, location: 2F 1-1: Ball 2-1: Foul Ball, location: 2F 2-2: Ball 3-2: Foul Ball, location: 2F 3-2: Foul Ball, location: 2F 3-2: Foul Ball, location: 2F 3-2: SINGLE (Groundball, 4S, EV 76.9 MPH) (infield hit) Victor Reyes scores Frank Shaw to second
|
|
Batting: SHB Duri Chilemba
|
0-0: Called Strike 0-1: Ball 1-1: Ball 2-1: Ground out 4-3 (Groundball, 4S, EV 70.6 MPH) Frank Shaw to third Tom Primmer to second
|
|
Batting: RHB Roberto Delgado
|
0-0: Hit by Pitch
|
|
Batting: LHB Elmo Dreier
|
0-0: Called Strike 0-1: Swinging Strike 0-2: Ball 1-2: Ball 2-2: Foul Ball, location: 2F 2-2: SINGLE (Line Drive, 34D, EV 98.1 MPH) Frank Shaw scores Tom Primmer to third Roberto Delgado to second Runner from 3rd tries for Home, SAFE, throw by RF to home
|
|
Batting: RHB Jack Nickleberry
|
0-0: Called Strike 0-1: Ball 1-1: Swinging Strike 1-2: Ball 2-2: Strikes out looking
|
| Top of the 2nd over - 3 runs, 3 hits, 0 errors, 2 left on base; Brooklyn 3 - Batavia 0 |
| BOTTOM OF THE 2ND |
|
Batavia Muckdogs batting - Pitching for Brooklyn Cyclones : RHP Jonathan Colyer
|
|
Batting: SHB Greg Rivera
|
0-0: Called Strike 0-1: Swinging Strike 0-2: Foul Ball, location: 2F 0-2: Ball 1-2: Strikes out looking
|
|
Batting: RHB Jim Fisher
|
0-0: Ball 1-0: Swinging Strike 1-1: SINGLE (Groundball, 34D, EV 108.1 MPH)
|
|
Batting: RHB Jason Thrash
|
0-0: Called Strike 0-1: Ball 1-1: Swinging Strike 1-2: Strikes out swinging
|
|
Batting: RHB Hiromitsu Yamada
|
0-0: Ball 1-0: Foul Ball, location: 2F 1-1: Foul Ball, location: 2F 1-2: Ball 2-2: Strikes out looking
|
| Bottom of the 2nd over - 0 runs, 1 hit, 0 errors, 1 left on base; Brooklyn 3 - Batavia 0 |
| TOP OF THE 3RD |
|
Brooklyn Cyclones batting - Pitching for Batavia Muckdogs : LHP Will Sledge
|
|
Batting: RHB Jayden Copeland
|
0-0: Called Strike 0-1: Foul Ball, location: 2F 0-2: Ball 1-2: Foul Ball, location: 2F 1-2: Ball 2-2: Foul Ball, location: 2F 2-2: Ball 3-2: Base on Balls
|
|
Batting: RHB Victor Reyes
|
0-0: Foul Ball, location: 2F 0-1: Swinging Strike 0-2: Foul Ball, location: 2F 0-2: Ball 1-2: Strikes out swinging
|
|
Batting: RHB Frank Shaw
|
0-0: SINGLE (Line Drive, 56, EV 96.2 MPH) Jayden Copeland to second
|
|
Batting: SHB Ryan Brown
|
0-0: Swinging Strike 0-1: Foul Ball, location: 2F 0-2: Ball 1-2: Strikes out swinging
|
|
Batting: RHB Tom Primmer
|
0-0: Swinging Strike 0-1: Ball 1-1: Ball 2-1: Foul Ball, location: 2F 2-2: Ball 3-2: Strikes out looking
|
| Top of the 3rd over - 0 runs, 1 hit, 0 errors, 2 left on base; Brooklyn 3 - Batavia 0 |
| BOTTOM OF THE 3RD |
|
Batavia Muckdogs batting - Pitching for Brooklyn Cyclones : RHP Jonathan Colyer
|
|
Batting: RHB Calvin Morin
|
0-0: Ball 1-0: Swinging Strike 1-1: Called Strike 1-2: Strikes out swinging
|
|
Batting: SHB Justin Corbett
|
0-0: Called Strike 0-1: Foul Ball, location: 2F 0-2: Foul Ball, location: 2F 0-2: Ball 1-2: Fly out, F9 (Line Drive, 9S, EV 90.6 MPH)
|
|
Batting: RHB Reomel Somera
|
0-0: Ball 1-0: Fly out, F9 (Line Drive, 9, EV 96.2 MPH)
|
| Bottom of the 3rd over - 0 runs, 0 hits, 0 errors, 0 left on base; Brooklyn 3 - Batavia 0 |
| TOP OF THE 4TH |
|
Brooklyn Cyclones batting - Pitching for Batavia Muckdogs : LHP Will Sledge
|
|
Batting: SHB Duri Chilemba
|
0-0: Ball 1-0: Called Strike 1-1: Swinging Strike 1-2: Foul Ball, location: 2F 1-2: SINGLE (Line Drive, 34D, EV 101.2 MPH)
|
|
Batting: RHB Roberto Delgado
|
0-0: Called Strike 0-1: Called Strike 0-2: Ball 1-2: Strikes out swinging
|
|
Batting: LHB Elmo Dreier
|
0-0: Ball 1-0: Foul Ball, location: 2F 1-1: SINGLE (Groundball, 6MD, EV 96.2 MPH) Duri Chilemba to second
|
|
Batting: RHB Jack Nickleberry
|
0-0: Fly out, F8 (Flyball, 8LD, EV 100.6 MPH)
|
|
Batting: RHB Jayden Copeland
|
0-0: Swinging Strike 0-1: Ball 1-1: Fly out, F9 (Line Drive, 9S, EV 96.2 MPH)
|
| Top of the 4th over - 0 runs, 2 hits, 0 errors, 2 left on base; Brooklyn 3 - Batavia 0 |
| BOTTOM OF THE 4TH |
|
Batavia Muckdogs batting - Pitching for Brooklyn Cyclones : RHP Jonathan Colyer
|
|
Batting: LHB Danny Treto
|
0-0: Ball 1-0: Foul Ball, location: 2F 1-1: Ball 2-1: Ball 3-1: Base on Balls
|
|
Batting: RHB Andy Kelly
|
0-0: SINGLE (Groundball, 34D, EV 103.1 MPH) Danny Treto to second Throwing error, E9 Danny Treto scores Andy Kelly to second
|
|
Batting: SHB Greg Rivera
|
0-0: Called Strike 0-1: Called Strike 0-2: Strikes out swinging
|
|
Batting: RHB Jim Fisher
|
0-0: Ball 1-0: Called Strike 1-1: Ball Wild Pitch! Andy Kelly to third 2-1: Ball 3-1: Ground out 1-3 (Groundball, P, EV 75.6 MPH)
|
|
Batting: RHB Jason Thrash
|
0-0: Foul Ball, location: 2F 0-1: SINGLE (Groundball, 6MD, EV 101.2 MPH) Andy Kelly scores
|
|
Batting: RHB Hiromitsu Yamada
|
0-0: Ball 1-0: Ball 2-0: Ball 3-0: Called Strike 3-1: Base on Balls Jason Thrash to second
|
|
Batting: RHB Calvin Morin
|
0-0: Ground out 1-3 (Groundball, 13, EV 71.9 MPH)
|
| Bottom of the 4th over - 2 runs, 2 hits, 1 error, 2 left on base; Brooklyn 3 - Batavia 2 |
| TOP OF THE 5TH |
|
Brooklyn Cyclones batting - Pitching for Batavia Muckdogs : LHP Will Sledge
|
|
Batting: RHB Victor Reyes
|
0-0: Called Strike 0-1: Foul Ball, location: 2F 0-2: Ball 1-2: Ball 2-2: Fly out, F9 (Flyball, 9LSF, EV 88.1 MPH)
|
|
Batting: RHB Frank Shaw
|
0-0: Ball 1-0: Ball 2-0: Called Strike 2-1: Called Strike 2-2: Foul Ball, location: 2F 2-2: Strikes out looking
|
|
Batting: SHB Ryan Brown
|
0-0: Ball 1-0: Ball 2-0: Ball 3-0: Base on Balls
|
|
Batting: RHB Tom Primmer
|
0-0: Ball 1-0: Swinging Strike 1-1: Called Strike Ryan Brown steals 2nd base 1-2: Foul Ball, location: 2F 1-2: Foul Ball, location: 2F 1-2: Ball 2-2: Ball 3-2: Base on Balls
|
|
Pitching: LHP Brian Worthy
|
|
|
Batting: SHB Duri Chilemba
|
0-0: Ball 1-0: Ground out U3 (Groundball, 34S, EV 89.4 MPH)
|
| Top of the 5th over - 0 runs, 0 hits, 0 errors, 2 left on base; Brooklyn 3 - Batavia 2 |
| BOTTOM OF THE 5TH |
|
Batavia Muckdogs batting - Pitching for Brooklyn Cyclones : RHP Jonathan Colyer
|
|
Batting: SHB Justin Corbett
|
0-0: Called Strike 0-1: Foul Ball, location: 2F 0-2: Strikes out swinging, 2-3 out at first.
|
|
Batting: RHB Reomel Somera
|
0-0: Ball 1-0: Ball 2-0: Ball 3-0: Called Strike 3-1: Base on Balls
|
|
Batting: LHB Danny Treto
|
0-0: Ball 1-0: Ball 2-0: Ball Passed Ball! Reomel Somera to second 3-0: Base on Balls
|
|
Batting: RHB Andy Kelly
|
0-0: Called Strike 0-1: Called Strike 0-2: Ball 1-2: DOUBLE (Line Drive, 89D, EV 99.4 MPH) Reomel Somera scores Danny Treto to third
|
|
Batting: SHB Greg Rivera
|
0-0: Called Strike 0-1: Ball 1-1: Ball 2-1: SINGLE (Groundball, 34D, EV 104.4 MPH) Danny Treto scores Andy Kelly to third
|
|
Batting: RHB Jim Fisher
|
0-0: Ball 1-0: Called Strike 1-1: Called Strike 1-2: Ball Wild Pitch! Andy Kelly scores Greg Rivera to second 2-2: Ball 3-2: Ground out 6-3 (Groundball, 56, EV 104.4 MPH)
|
|
Pitching: RHP Todd Cox
|
|
|
Batting: RHB Jason Thrash
|
0-0: Hit by Pitch
|
|
Batting: RHB Hiromitsu Yamada
|
0-0: SINGLE (Line Drive, 8LS, EV 103.8 MPH) Greg Rivera to third Jason Thrash to second Runner from 3rd tries for Home, throw by CF and OUT! 8-2
|
| Bottom of the 5th over - 3 runs, 3 hits, 0 errors, 2 left on base; Brooklyn 3 - Batavia 5 |
| TOP OF THE 6TH |
|
Brooklyn Cyclones batting - Pitching for Batavia Muckdogs : LHP Brian Worthy
|
|
Batting: RHB Roberto Delgado
|
0-0: Ball 1-0: Swinging Strike 1-1: Ground out 1-3 (Groundball, 15S, EV 68.1 MPH)
|
|
Pinch Hitting: RHB Jamie Bass
|
0-0: Called Strike 0-1: DOUBLE (Groundball, 5L, EV 108.1 MPH)
|
|
Batting: RHB Jack Nickleberry
|
0-0: Ball 1-0: SINGLE (Groundball, 56S, EV 68.1 MPH) (infield hit) Jamie Bass to third
|
|
Batting: RHB Jayden Copeland
|
0-0: Foul Ball, location: 2F 0-1: Called Strike 0-2: DOUBLE (Flyball, 89D, EV 96.2 MPH) Jamie Bass scores Jack Nickleberry to third
|
|
Batting: RHB Victor Reyes
|
0-0: Ball 1-0: Foul Ball, location: 2F 1-1: Ball 2-1: SINGLE (Groundball, 6M, EV 93.8 MPH) Jack Nickleberry scores Jayden Copeland to third Throwing error, E8 Jayden Copeland scores Victor Reyes to second
|
|
Pitching: RHP Jesus Gomez
|
|
|
Batting: RHB Frank Shaw
|
0-0: Foul Ball, location: 2F 0-1: Ball Victor Reyes steals 3rd base 1-1: Called Strike 1-2: SINGLE (Line Drive, 89S, EV 96.9 MPH) Victor Reyes scores
|
|
Batting: SHB Ryan Brown
|
0-0: Foul Ball, location: 2F 0-1: Ball 1-1: Swinging Strike 1-2: Strikes out swinging
|
|
Batting: RHB Tom Primmer
|
0-0: Called Strike 0-1: SINGLE (Line Drive, 8RS, EV 86.9 MPH) Frank Shaw to second Runner from 2nd tries for 3rd, SAFE, throw by CF made to third
|
|
Batting: SHB Duri Chilemba
|
0-0: Ball 1-0: Foul Ball, location: 2F 1-1: Foul Ball, location: 2F 1-2: Foul Ball, location: 2F 1-2: Foul Ball, location: 2F 1-2: Foul Ball, location: 2F 1-2: Ball 2-2: Ball 3-2: Strikes out swinging
|
| Top of the 6th over - 4 runs, 6 hits, 1 error, 2 left on base; Brooklyn 7 - Batavia 5 |
| BOTTOM OF THE 6TH |
|
Batavia Muckdogs batting - Pitching for Brooklyn Cyclones : RHP Todd Cox
|
|
Now at 2B: Matt Tittle
|
|
|
Now at SS: Victor Reyes
|
|
|
Batting: RHB Calvin Morin
|
0-0: Called Strike 0-1: Ball 1-1: Ball 2-1: Ball 3-1: Base on Balls
|
|
Batting: SHB Justin Corbett
|
0-0: Ball 1-0: Called Strike 1-1: Swinging Strike 1-2: Fielders Choice at 2nd, 4-6 (Groundball, 4, EV 85.6 MPH)
|
|
Batting: RHB Reomel Somera
|
0-0: Called Strike 0-1: Ball 1-1: Foul Ball, location: 2F 1-2: Strikes out looking
|
|
Batting: LHB Danny Treto
|
0-0: Foul Ball, location: 2F 0-1: Ball Justin Corbett is caught stealing 2nd base 2-6
|
| Bottom of the 6th over - 0 runs, 0 hits, 0 errors, 0 left on base; Brooklyn 7 - Batavia 5 |
| TOP OF THE 7TH |
|
Brooklyn Cyclones batting - Pitching for Batavia Muckdogs : RHP Jesus Gomez
|
|
Batting: SHB Callum Lynch
|
0-0: Foul Ball, location: 2F 0-1: Ball 1-1: Ball 2-1: Foul Ball, location: 2F 2-2: Strikes out swinging
|
|
Batting: RHB Matt Tittle
|
0-0: Ball 1-0: Ball 2-0: Ball 3-0: Called Strike 3-1: Ground out 6-3 (Groundball, 6M, EV 86.9 MPH)
|
|
Batting: RHB Jack Nickleberry
|
0-0: Ball 1-0: Called Strike 1-1: Ball 2-1: Ground out 2-3 (Groundball, 15S, EV 74.4 MPH)
|
| Top of the 7th over - 0 runs, 0 hits, 0 errors, 0 left on base; Brooklyn 7 - Batavia 5 |
| BOTTOM OF THE 7TH |
|
Batavia Muckdogs batting - Pitching for Brooklyn Cyclones : RHP Todd Cox
|
|
Batting: LHB Danny Treto
|
0-0: Called Strike 0-1: Ground out U3 (Groundball, 3, EV 105.6 MPH)
|
|
Batting: RHB Andy Kelly
|
0-0: Called Strike 0-1: Ball 1-1: Called Strike 1-2: Ball 2-2: Strikes out looking
|
|
Batting: SHB Greg Rivera
|
0-0: Ball 1-0: Foul Ball, location: 2F 1-1: Foul Ball, location: 2F 1-2: Foul Ball, location: 2F 1-2: Ball 2-2: Strikes out swinging
|
| Bottom of the 7th over - 0 runs, 0 hits, 0 errors, 0 left on base; Brooklyn 7 - Batavia 5 |
| TOP OF THE 8TH |
|
Brooklyn Cyclones batting - Pitching for Batavia Muckdogs : RHP Jesus Gomez
|
|
Batting: RHB Jayden Copeland
|
0-0: Foul Ball, location: 2F 0-1: Foul Ball, location: 2F 0-2: Ball 1-2: Strikes out swinging, 2-3 out at first.
|
|
Batting: RHB Victor Reyes
|
0-0: Called Strike 0-1: Ball 1-1: Ground out 5-3 (Groundball, 5S, EV 78.1 MPH)
|
|
Batting: RHB Frank Shaw
|
0-0: Ball 1-0: Called Strike 1-1: Ball 2-1: Swinging Strike 2-2: Ball 3-2: Foul Ball, location: 2F 3-2: Base on Balls
|
|
Pitching: RHP Matt Slater
|
|
|
Batting: SHB Ryan Brown
|
0-0: Ball 1-0: Ground out 4-3 (Groundball, 4, EV 87.5 MPH)
|
| Top of the 8th over - 0 runs, 0 hits, 0 errors, 1 left on base; Brooklyn 7 - Batavia 5 |
| BOTTOM OF THE 8TH |
|
Batavia Muckdogs batting - Pitching for Brooklyn Cyclones : RHP Todd Cox
|
|
Pitching: LHP Scott Carr
|
|
|
Now at 1B: Salvador Gomez
|
|
|
Batting: RHB Jim Fisher
|
0-0: Foul Ball, location: 2F 0-1: Ball 1-1: Foul Ball, location: 2F 1-2: Ball 2-2: Strikes out swinging
|
|
Batting: RHB Jason Thrash
|
0-0: Ball 1-0: Called Strike 1-1: Called Strike 1-2: Strikes out swinging
|
|
Batting: RHB Hiromitsu Yamada
|
0-0: Called Strike 0-1: Ball 1-1: Foul Ball, location: 2F 1-2: SINGLE (Groundball, 56D, EV 94.4 MPH)
|
|
Batting: RHB Calvin Morin
|
0-0: Swinging Strike 0-1: Foul Ball, location: 2F 0-2: Foul Ball, location: 2F 0-2: Strikes out swinging
|
| Bottom of the 8th over - 0 runs, 1 hit, 0 errors, 1 left on base; Brooklyn 7 - Batavia 5 |
| TOP OF THE 9TH |
|
Brooklyn Cyclones batting - Pitching for Batavia Muckdogs : RHP Matt Slater
|
|
Batting: RHB Tom Primmer
|
0-0: Swinging Strike 0-1: Ball 1-1: Ball 2-1: Called Strike 2-2: Strikes out swinging
|
|
Batting: SHB Duri Chilemba
|
0-0: Ground out 6-3 (Groundball, 6, EV 86.9 MPH)
|
|
Batting: SHB Callum Lynch
|
0-0: Foul Ball, location: 2F 0-1: Swinging Strike 0-2: Strikes out swinging
|
| Top of the 9th over - 0 runs, 0 hits, 0 errors, 0 left on base; Brooklyn 7 - Batavia 5 |
| BOTTOM OF THE 9TH |
|
Batavia Muckdogs batting - Pitching for Brooklyn Cyclones : LHP Scott Carr
|
|
Batting: SHB Justin Corbett
|
0-0: Swinging Strike 0-1: Ball 1-1: Ball 2-1: Ball 3-1: Called Strike 3-2: SINGLE (Groundball, 6M, EV 102.5 MPH)
|
|
Batting: RHB Reomel Somera
|
0-0: Ball 1-0: Fly out, F7 (Flyball, 7LSF, EV 88.8 MPH)
|
|
Pinch Hitting: RHB Justin Dunham
|
0-0: Ball 1-0: Ball 2-0: Ball 3-0: Called Strike 3-1: SINGLE (Line Drive, 3D, EV 95.0 MPH) Justin Corbett to second
|
|
Batting: RHB Andy Kelly
|
0-0: Called Strike 0-1: Ball 1-1: Ball 2-1: Ball 3-1: Swinging Strike 3-2: Reached on error, E5 (Groundball, 56S, EV 90.6 MPH) Justin Corbett to third Justin Dunham to second
|
|
Pitching: RHP Battista Aldobrandini
|
|
|
Batting: SHB Greg Rivera
|
0-0: Grounds into double play, 4-6-3 (Groundball, 4, EV 86.9 MPH)
|
| Bottom of the 9th over - 0 runs, 2 hits, 1 error, 2 left on base; Brooklyn 7 - Batavia 5 |
|